 Dungeon Crawl Stone Soup version 0.28-a0-1613-gdaab1c2f9b (webtiles) character file.

Game seed: 460542563565468206

0 mcsnuffy the Sneak (level 1, 0/9 HPs)
             Began as a Spriggan Enchanter on Jan 21, 2022.
             Frozen to death by an endoplasm (5 damage)
             ... on level 1 of the Dungeon.
             The game lasted 00:01:00 (151 turns).

mcsnuffy the Sneak (Spriggan Enchanter)              Turns: 151, Time: 00:01:01

Health: 0/9        AC:  2    Str:  4    XL:     1   Next: 8%
Magic:  5/5        EV: 17    Int: 16    God:
Gold:   0          SH:  0    Dex: 15    Spells: 5/5 levels left

rFire   . . .      SeeInvis +   a - +1 dagger
rCold   . . .      Faith    .   (no shield)
rNeg    . . .      Spirit   .   b - +0 robe
rPois   +          Reflect  .   (helmet restricted)
rElec   .          Harm     .   (no cloak)
rCorr   .          Rampage  .   (gloves unavailable)
Will    .....                   (boots unavailable)
Stlth   +++.......              (no amulet)
HPRegen 0.03/turn               P - ring of poison resistance
MPRegen 0.09/turn               (no ring)

@: very quick
A: very small, no large weapons, unfitting armour, see invisible, speed 3
a: no special abilities


You were on level 1 of the Dungeon.
You visited 1 branch of the dungeon, and saw 1 of its levels.


Innate Abilities, Weirdness & Mutations

You are very small and have problems with some larger weapons.
You are too small for most types of armour.
You have supernaturally acute eyesight. (SInv)
You cover ground extremely quickly. (Speed+++)


   Skills:
 - Level 1.1 Short Blades
 - Level 2.6 Dodging
 - Level 4.4 Stealth
 - Level 2.6 Spellcasting
 + Level 3.7 Hexes


You had 5 spell levels left.
You didn't know any spells.
Your spell library contained the following spells:

 Spells                   Type           Power      Damage    Failure   Level
 Confusing Touch          Hex            13%        N/A       13%         3
 Tukima's Dance           Hex            13%        N/A       13%         3
 Ensorcelled Hibernation  Hex/Ice        16%        N/A       14%         2
 Dazzling Flash           Conj/Hex       16%        N/A       26%         3

Inventory:

Hand Weapons
 a - a +1 dagger (weapon)
Armour
 b - a +0 robe (worn)
Jewellery
 P - a ring of poison resistance (left hand)
Potions
 c - a potion of invisibility

Dungeon Overview and Level Annotations

Branches:
Dungeon (1/15)

Altars:

### ##. #.## #.. .. #..#
#.# ...> ##.# #.## #.#..#
#.#############..###......
#.....................r..#.
#........(.............$...
#.........@JJg.............
#........######K...........
#...#..##....K)##..........
#....##......lJ..#.........
#...#.......)g....#........
#..#........<.....#......##
#.#..........▓▒...#......##
#.#.........░....#.........
#.#..........b..#..........


You could see a gnoll, 2 endoplasms and a kobold.


Message History

The bat misses you. The bat barely misses you. The bat misses you.
The bat completely misses you.
The endoplasm quivers.
You hit the bat.
The bat is heavily wounded.
The bat hits you but does no damage. The bat misses you. The bat misses you.
The gnoll misses you. The bat barely misses you.
There is a staircase leading out of the dungeon here.
The bat hits you.
An endoplasm comes into view.
You see here a +0 dagger.
The bat hits you but does no damage.
You barely miss the bat. The bat closely misses you.
You barely miss the bat. The bat closely misses you. The bat hits you.
The endoplasm quivers.
You hit the bat.
You kill the bat!
The bat barely misses you. The endoplasm misses you.
The gnoll barely misses you.
You see here a +0 dagger.
A rat comes into view.
The bat hits you but does no damage. The endoplasm freezes you.
You are frozen.
Ouch! That really hurt!
You die...

Action                   || total
-------------------------++-------
Melee: Dagger            ||    12
Armor: Robe              ||     7
Dodge: Dodged            ||    32

Levels and vault maps discovered:
D:1:      dpeg_arrival_solitude, layout_rooms, ebering_ecumenical_altar_hall

Notes
Turn   | Place    | Note
-------+----------+-------------------------------------------
     0 | D:1      | mcsnuffy the Spriggan Enchanter began the quest for the
                  | Orb.
     0 | D:1      | Reached XP level 1. HP: 9/9 MP: 5/5
    55 | D:1      | Found a faded altar of an unknown god.
   151 | D:1      | Frozen to death by an endoplasm

Vanquished Creatures
  A bat (D:1)
1 creature vanquished.

Table legend: (Time is in decaauts)
 A = Elapsed time spent in this place.
 B = Non-inter-level travel time spent in this place.
 C = Inter-level travel time spent in this place.
 D = Time resting spent in this place.
 E = Time spent auto-exploring this place.
 F = Levels seen in this place.
 G = Mean time per level.
                   A        B        C        D        E       F      G
               +--------+--------+--------+--------+--------+-----+--------+
         Total |     96 |     96 |      0 |      0 |     32 |   1 |   96.0 |
       Dungeon |     96 |     96 |      0 |      0 |     32 |   1 |   96.0 |
               +--------+--------+--------+--------+--------+-----+--------+

Top non-repeatable levels by time:
     D:1: 96 daAuts

Table legend:
 A = Non-vault XP
 B = Vault XP
 C = Vault XP percentage of total XP
 D = Non-vault monster count
 E = Vault monster count
 F = Vault count percentage of total count
                 A         B        C        D         E       F
            +---------+---------+-------+---------+---------+-------
      Total |       1 |       0 |   0.0 |       1 |       0 |   0.0
            +---------+---------+-------+---------+---------+-------
        D:1 |       1 |       0 |   0.0 |       1 |       0 |   0.0
            +---------+---------+-------+---------+---------+-------
